 Dungeon Crawl Stone Soup version 0.29-a0-289-g2178c42546 (webtiles) character file.

Game seed: 9129964633000753636

276 sanka the Ducker (level 6, 0/53 HPs)
             Began as a Gnoll Monk on Mar 17, 2022.
             Was a Follower of Ru.
             Slain by an orc wizard
             ... wielding a +0 dagger
              (3 damage)
             ... on level 4 of the Dungeon.
             The game lasted 00:04:49 (3127 turns).

sanka the Ducker (Gnoll Monk)                       Turns: 3127, Time: 00:04:50

Health: 0/53       AC:  3    Str: 13    XL:     6   Next: 25%
Magic:  0/8        EV: 15    Int:  9    God:    Ru [*.....]
Gold:   126        SH:  0    Dex: 14    Spells: 8/8 levels left

rFire   . . .      SeeInvis .   a - +0 hand axe
rCold   + . .      Faith    .   (no shield)
rNeg    . . .      Spirit   +   b - +0 robe
rPois   .          Reflect  .   (no helmet)
rElec   .          Harm     .   (no cloak)
rCorr   .          Rampage  .   (no gloves)
Will    .....                   q - +0 pair of boots
Stlth   +.........              p - amulet of guardian spirit
HPRegen 0.17/turn               (no ring)
MPRegen 0.11/turn               d - ring of protection from cold

@: confused
A: fangs 1, no hexes magic, no necromancy magic, no poison magic, strong nose,
distributed training
a: Renounce Religion


You were on level 4 of the Dungeon.
You worshipped Ru.
Ru was aware of your devotion.
You visited 2 branches of the dungeon, and saw 5 of its levels.

You collected 126 gold pieces.


Innate Abilities, Weirdness & Mutations

You have very sharp teeth.
You cannot study or cast Hexes magic.
You cannot study or cast Necromancy magic.
You cannot study or cast Poison magic.
Your uncanny sense of smell can sniff out nearby items.
Your experience applies equally to all skills.


   Skills:
 + Level 6.8 Fighting
 + Level 1.9 Short Blades
 + Level 1.9 Long Blades
 + Level 6.8 Axes
 + Level 1.9 Maces & Flails
 + Level 1.9 Polearms
 + Level 1.9 Staves
 + Level 1.9 Slings
 + Level 1.9 Bows
 + Level 1.9 Crossbows
 + Level 1.9 Throwing
 + Level 1.9 Armour
 + Level 6.8 Dodging
 + Level 4.5 Stealth
 + Level 1.9 Shields
 + Level 1.9 Unarmed Combat
 + Level 1.9 Spellcasting
 + Level 1.5 Conjurations
   Level 0.0 Hexes
 + Level 1.5 Summonings
   Level 0.0 Necromancy
 + Level 1.5 Translocations
 + Level 1.5 Transmutations
 + Level 1.5 Fire Magic
 + Level 1.5 Ice Magic
 + Level 1.5 Air Magic
 + Level 1.5 Earth Magic
   Level 0.0 Poison Magic
 + Level 2.1 Invocations
 + Level 1.9 Evocations


You had 8 spell levels left.
You didn't know any spells.
Your spell library contained the following spells:

 Spells                   Type           Power      Damage    Failure   Level
 Gell's Gravitas          Tloc           3%         N/A       50%         3
 Lesser Beckoning         Tloc           3%         N/A       50%         3
 Teleport Other           Tloc           3%         N/A       50%         3

Inventory:

Hand Weapons
 a - a +0 hand axe (weapon)
Missiles
 k - 6 poisoned darts (quivered)
Armour
 b - a +0 robe (worn)
 q - a +0 pair of boots (worn)
Jewellery
 d - a ring of protection from cold (right hand)
 p - an amulet of guardian spirit (around neck)
Scrolls
 e - a scroll of immolation {unknown}
 f - a scroll of brand weapon {unknown}
 g - 2 scrolls of blinking {unknown}
 i - a scroll of teleportation {unknown}
 j - a scroll of acquirement {unknown}
 l - 2 scrolls of identify {unknown}
 m - 2 scrolls of enchant weapon {unknown}
 n - a scroll of amnesia {unknown}
 o - 3 scrolls of vulnerability {unknown}
 r - a scroll of torment {unknown}
Potions
 c - a potion of ambrosia
 h - 2 potions of brilliance {unknown}
 s - a potion of berserk rage {unknown}

Dungeon Overview and Level Annotations

Branches:
Dungeon (4/15)             Temple (1/1) D:4

Altars:
Dithmenos
Elyvilon
Gozag
Hepliaklqana
Nemelex Xobeh
Okawaru
Ru
Trog
Uskayaw
Wu Jian
Yredelemnul
The Shining One

Shops:
D:3 !

Annotations:
D:3 2 transporters, tsouns's ghost, amateur BaWr
D:4 Pikel

.S.<▒.▒.▒ ▒.▒.▒▒....▒
▒..... ..▒▒▒.▒.. ..
▒.▒<▒.▒▒....▒ ... ▒
......▒.. ..▒.▒▒▒.▒▒▒▒▒▒▒
.... .....▒▒......▒.▒....
.....▒▒............▒
.....▒▒............▒
.....▒▒............▒
..▒.▒▒▒......▒.▒)▒.▒ ..▒.
▒......▒.▒g▒o▒
..▒......▒.▒{▒.▒▒▒+▒▒
▒▒▒▒.▒.........r........
....▒..................
▒.....................
▒.......▒▒............
▒.......▒▒............
▒▒▒▒.......▒▒............
...........▒▒..).........


You could see a quokka.


Message History

Something hits you.
You slash the orc!
You kill the orc!
You hit something but do no damage. Something barely misses you.
Unknown command.
You closely miss something. Something hits you.
* * * LOW HITPOINT WARNING * * *
You hit something but do no damage.
You hear some strange, mumbled words.
You are confused.
You closely miss something. Something hits you but does no damage.
The quokka twitches its whiskers.
You bump into the rock wall.
You hear some strange, mumbled words.
A magic dart appears from out of thin air!
The magic dart hits you!
* * * LOW HITPOINT WARNING * * *
Unknown command.
You barely miss something.
You hear some strange, mumbled words.
A puff of flame appears from out of thin air!
The puff of flame hits you!
* * * LOW HITPOINT WARNING * * *
Unknown command.
You miss something. Something hits you.
You die...

Action                   |  1- 3 |  4- 6 || total
-------------------------+-------+-------++-------
Melee: Hand axe          |    96 |   173 ||   269
       Bite              |     9 |    19 ||    28
       Punch             |       |     2 ||     2
Invok: Sacrifice Arcana  |       |     1 ||     1
 Stab: Sleeping          |     8 |     9 ||    17
       Distracted        |       |     1 ||     1
Armor: Robe              |    12 |    22 ||    34
Dodge: Dodged            |    61 |   109 ||   170

Levels and vault maps discovered:
D:1:      sevenhm_arrival_forest_fort_small_4, layout_basic,
          hangedman_glass_teeth, minivault_19
D:2:      layout_loops_cross, uniq_natasha
D:3:      layout_rooms, nicolae_dithmenos_the_darkroom, marbit_many_paths,
          serial_shops, shop, gammafunk_ghost_stat_death,
          kennysheep_generic_room_15
D:4:      layout_basic, minmay_temple_entry_overgrown, grunt_ministairs_14,
          kennysheep_nub, uniq_pikel, uniq_blork_the_orc
Temple:   zaba_magenta_temple

Notes
Turn   | Place    | Note
-------+----------+-------------------------------------------
     0 | D:1      | sanka the Gnoll Monk began the quest for the Orb.
     0 | D:1      | Reached XP level 1. HP: 23/23 MP: 1/1
   193 | D:1      | Reached XP level 2. HP: 27/29 MP: 2/2
   463 | D:1      | Reached XP level 3. HP: 28/35 MP: 3/3
   923 | D:2      | Reached skill level 1 in Invocations
  1045 | D:2      | Noticed Natasha
  1052 | D:2      | Killed Natasha
  1053 | D:2      | Reached skill level 1 in Short Blades
  1053 | D:2      | Reached skill level 1 in Long Blades
  1053 | D:2      | Reached skill level 1 in Maces & Flails
  1053 | D:2      | Reached skill level 1 in Polearms
  1053 | D:2      | Reached skill level 1 in Staves
  1053 | D:2      | Reached skill level 1 in Slings
  1053 | D:2      | Reached skill level 1 in Bows
  1053 | D:2      | Reached skill level 1 in Crossbows
  1053 | D:2      | Reached skill level 1 in Throwing
  1053 | D:2      | Reached skill level 1 in Armour
  1053 | D:2      | Reached skill level 1 in Shields
  1053 | D:2      | Reached skill level 1 in Unarmed Combat
  1053 | D:2      | Reached skill level 1 in Spellcasting
  1053 | D:2      | Reached skill level 1 in Evocations
  1053 | D:2      | Reached XP level 4. HP: 14/41 MP: 5/5
  1630 | D:2      | Noticed Natasha
  1638 | D:2      | Killed Natasha
  1639 | D:2      | Reached skill level 1 in Conjurations
  1639 | D:2      | Reached skill level 1 in Hexes
  1639 | D:2      | Reached skill level 1 in Summonings
  1639 | D:2      | Reached skill level 1 in Necromancy
  1639 | D:2      | Reached skill level 1 in Translocations
  1639 | D:2      | Reached skill level 1 in Transmutations
  1639 | D:2      | Reached skill level 1 in Fire Magic
  1639 | D:2      | Reached skill level 1 in Ice Magic
  1639 | D:2      | Reached skill level 1 in Air Magic
  1639 | D:2      | Reached skill level 1 in Earth Magic
  1639 | D:2      | Reached skill level 1 in Poison Magic
  1724 | D:3      | Reached XP level 5. HP: 33/47 MP: 6/6
  1999 | D:3      | Found a shadowy altar of Dithmenos.
  2044 | D:3      | Found Numot's Distillery.
  2409 | D:3      | Found a transporter.
  2414 | D:3      | Noticed tsouns's ghost (amateur BaWr)
  2423 | D:3      | Found a transporter.
  2559 | D:3      | Reached skill level 2 in Invocations
  2559 | D:3      | Reached XP level 6. HP: 45/53 MP: 6/8
  2615 | D:3      | Found an iron altar of Okawaru.
  2867 | D:4      | Noticed Pikel
  2994 | D:4      | Found a staircase to the Ecumenical Temple.
  3004 | Temple   | Entered the Ecumenical Temple
  3061 | Temple   | Became a worshipper of Ru the Awakened
  3065 | Temple   | Gained mutation: You cannot study or cast Poison magic. [Ru
                  | sacrifice]
  3065 | Temple   | Gained mutation: You cannot study or cast Hexes magic. [Ru
                  | sacrifice]
  3065 | Temple   | Gained mutation: You cannot study or cast Necromancy magic.
                  | [Ru sacrifice]
  3065 | Temple   | Reduced skill Poison Magic to level 0
  3065 | Temple   | Reduced skill Hexes to level 0
  3065 | Temple   | Reduced skill Necromancy to level 0
  3065 | Temple   | Reached * piety under Ru
  3126 | D:4      | HP: 3/53 [something/puff of flame (7)]
  3127 | D:4      | Slain by an orc wizard

Vanquished Creatures
  A lemure (D:3)
  A howler monkey (D:3)
  A hound (D:3)
  An orc priest (D:4)
  Natasha (twice) (D:2)
  5 adders
  A worm (D:3)
  3 dart slugs
  2 orcs (D:4)
  8 bats
  7 endoplasms
  5 giant cockroaches
  3 goblins
  9 hobgoblins
  5 quokkas
  3 ball pythons
  3 frilled lizards
  6 kobolds
  7 rats
73 creatures vanquished.
